AoeStats
← MikaelHei

Glade

510512296Analyzed
1v1 RM · 1d ago on Oct 1, 2026· 20m 8s· 2 players
Game mode
Random Map
Map size
Tiny (2 player)
Population
200
Speed
Normal
Resources
Standard
Victory
Conquest
Starting age
Dark Age
Ending age
Imperial Age
RankedLock teamsTeams togetherTeam positionsShared explorationLock speedFull tech treeHidden civsTurbo modeCheats
Victory
Defeat
🇪🇸 Armenians · Spain
1338
+17
🇫🇮 Bengalis · Finland
1359
-17
nico
8:59 Loom
12:25 Feudal Age
12:26 Man-at-Arms
13:09 Long Swordsman
16:04 Double-Bit Axe
16:39 Arson
19:47 Scale Mail Armor
MikaelHei
7:10 Loom
9:31 Feudal Age
9:46 Man-at-Arms
10:48 Double-Bit Axe
11:46 Horse Collar
14:46 Arson
18:22 Fletching
19:38 Padded Archer Armor
Connection lost

Rejoining the realm…

Still unreachable

The connection could not be restored.

Session expired

The server has moved on; the page needs a fresh start.